 Dungeon Crawl Stone Soup version 0.21.1-1-g345015fe64 (webtiles) character file.

98 Loge the Ruffian (level 4, -4/52 HPs)
             Began as a Draconian Transmuter on July 18, 2018.
             Slain by Sigmund
             ... wielding a +1 scythe of venom
              (7 damage)
             ... on level 4 of the Dungeon.
             The game lasted 00:05:29 (2664 turns).

Loge the Ruffian (Draconian Transmuter)             Turns: 2664, Time: 00:05:29

Health: -4/52      AC: 22    Str: 13    XL:     4   Next: 43%
Magic:  5/7        EV:  2    Int: 14    God:
Gold:   152        SH:  0    Dex: 11    Spells: 1/7 levels left

rFire    . . .     SeeInvis .     - Unarmed
rCold    . . .     Gourm    .   (no shield)
rNeg     + + +     Faith    .   (armour unavailable)
rPois    +         Spirit   .   (helmet currently unavailable)
rElec    .         Reflect  .   (cloak currently unavailable)
rCorr    .         Harm     .   (gloves currently unavailable)
MR       .....     NoTele   +   (boots currently unavailable)
Stlth    +.........             (no amulet)
HPRegen  0.17/turn              (no ring)
MPRegen  0.10/turn              (no ring)

@: lethally poisoned (-4 -> -13), tree-form
A: unfitting armour, AC +5
a: no special abilities


You were on level 4 of the Dungeon.
You were hungry.
You were a tree.
You visited 1 branch of the dungeon, and saw 4 of its levels.

You collected 152 gold pieces.

Inventory:

Missiles
 a - 122 arrows
 m - 8 curare-tipped needles
Armour
 o - a +0 buckler
 p - a +0 shield
Jewellery
 e - an uncursed amulet of magic regeneration {unknown}
 f - an uncursed ring of stealth {unknown}
Wands
 q - a wand of flame (13)
 s - a wand of polymorph (11)
Scrolls
 d - 2 scrolls of teleportation {unknown}
 h - 2 scrolls of magic mapping {unknown}
 j - 5 scrolls of identify {unknown}
 l - a scroll of amnesia {unknown}
 n - a scroll of enchant armour {unknown}
 r - a scroll of remove curse {unknown}
Potions
 i - a potion of degeneration {unknown}
 k - a potion of resistance {unknown}
Books
 b - a book of Changes

   Spells                             Type                      Level
   a - Beastly Appendage              Transmutation                1
   b - Sticks to Snakes               Transmutation                2
   c - Spider Form                    Transmutation/Poison         3
   d - Ice Form                       Ice/Transmutation            4
   e - Blade Hands                    Transmutation                5
Comestibles
 c - 6 rations


   Skills:
 - Level 1.1 Fighting
 - Level 1.7 Dodging
 * Level 4.7 Unarmed Combat
 - Level 2.0 Spellcasting
 + Level 3.0 Transmutations


You had one spell level left.
You knew the following spells:

 Your Spells              Type           Power        Failure   Level  Hunger
a - Beastly Appendage     Tmut           ##....       7%          1    ##.....
b - Sticks to Snakes      Tmut           ##......     10%         2    ###....
c - Spider Form           Tmut/Pois      #.........   36%         3    ####...


Dungeon Overview and Level Annotations

Branches:
Dungeon (4/15)
 Temple: D:4-7

Altars:

Annotations:
D:3 Hawk2021's ghost, amateur GrEE
D:4 Sigmund


Innate Abilities, Weirdness & Mutations

((Your plain brown scales are hard. (AC +5)))
You cannot fit into any form of body armour.
((You are cold-blooded and may be slowed by cold attacks.))


Message History

Your ball python bites the quokka.
Your ball python grabs the quokka.
Your ball python constricts the quokka.
A magic dart appears from out of thin air!
The magic dart hits you!
* * * LOW HITPOINT WARNING * * *
You feel sick.
The quokka closely misses your ball python.
Your ball python bites the quokka but does no damage.
Your ball python constricts the quokka.
Something hits you.
* * * LOW HITPOINT WARNING * * *
The quokka barely misses your ball python.
Your ball python bites the quokka.
Your ball python constricts the quokka.
A hound comes into view.
* * * LOW HITPOINT WARNING * * *
You feel sick. The hound bites your ball python.
Your ball python bites the quokka but does no damage.
Your ball python constricts the quokka.
The quokka bites your ball python.
Your ball python dies!
Something hits you!
You die...

## #. #.## #... #..#
#####..### #
#........#####.#
#.....♣.h#.....## .
#......r........# ...
#................
....#......>.........
.......<............$
.....................
...###...............
...#(#......?.......$
...###..............!


You could see a hound and a quokka (unaware).

Vanquished Creatures
  4 adders
  A worm (D:2)
  2 dart slugs
  A leopard gecko (D:2)
  An orc (D:3)
  4 giant cockroaches (D:2)
  5 goblins
  3 hobgoblins
  5 jackals
  11 kobolds
  2 bats
  6 frilled lizards
  11 rats
56 creatures vanquished.

Notes
Turn   | Place    | Note
-------+----------+-------------------------------------------
     0 | D:1      | Loge the Draconian Transmuter began the quest for the Orb.
     0 | D:1      | Reached XP level 1. HP: 16/16 MP: 3/3
   231 | D:1      | Reached XP level 2. HP: 19/23 MP: 1/5
   238 | D:1      | Learned a level 2 spell: Sticks to Snakes
   834 | D:2      | Reached XP level 3. HP: 28/28 MP: 4/6
   907 | D:2      | Reached skill level 4 in Unarmed Combat
  1552 | D:2      | Reached XP level 4. HP: 23/35 MP: 4/7
  1887 | D:2      | Learned a level 3 spell: Spider Form
  2515 | D:3      | Noticed Hawk2021's ghost (amateur GrEE)
  2640 | D:4      | Noticed Sigmund
  2664 | D:4      | Slain by Sigmund

Skill      XL: |  1  2  3  4 |
---------------+-------------+-----
Unarmed Combat | 4 |  4.7
Transmutations | 3 |  3.0
Fighting       | |  1.1
Dodging        | |  1.7
Spellcasting   | |  2.0

Action                   |  1- 3 |  4- 6 || total
-------------------------+-------+-------++-------
Melee: Unarmed           |   122 |    49 ||   171
       Kick              |    11 |     1 ||    12
       Tailslap          |    12 |     4 ||    16
       Headbutt          |     8 |       ||     8
       Punch             |     1 |       ||     1
 Cast: Beastly Appendage |    27 |     4 ||    31
       Sticks to Snakes  |     1 |     2 ||     3
  Use: Potion            |       |     1 ||     1
  Eat: Chunk             |     3 |     3 ||     6
Armor: Skin              |    28 |    22 ||    50
Dodge: Dodged            |    75 |    33 ||   108
